 Dungeon Crawl Stone Soup version 0.14.2 (webtiles) character file.

2614 Amnesiac the Prestidigitator (level 9, -6/70 HPs)
             Began as a Spriggan Artificer on Feb 9, 2018.
             Was a High Priest of Nemelex Xobeh.
             Killed from afar by a wretched star (22 damage)
             ... with an orb of energy
             ... on Level 1 of the Abyss.
             The game lasted 00:29:39 (10873 turns).

Amnesiac the Prestidigitator (Spriggan Artificer)  Turns: 10873, Time: 00:29:39

HP  -6/70        AC 24     Str 10      XL: 9   Next: 15%
MP  26/27        EV  1     Int 13      God: Nemelex Xobeh [*****.]
Gold 356         SH  0     Dex 18      Spells:  0 memorised,  8 levels left

rFire  . . .     SeeInvis +     f - ornate deck of summonings {drawn: 2}
rCold  . . .     Clarity  .     e - melded +0 robe
rNeg   + + +     Conserve .     (shield restricted)
rPois  +         rCorr    .     (helmet restricted)
rElec  .         rRot     .     (cloak currently unavailable)
SustAb . .       Spirit   .     (gloves unavailable)
rMut   .         Warding  .     (boots unavailable)
Saprov . . .     NoTele   +     (no amulet)
MR     ++...                    g - +3 ring of dexterity
                                w - ring of protection from magic {unknown}

@: tree-form, very resistant to hostile enchantments, stealthy
A: unfitting armour, see invisible, breathe flames 1, clumsy 1, (deformed body),
deterioration 1, herbivore 3, (speed 0), slow metabolism 2
a: Draw One, Peek at Two, Triple Draw, Deal Four, Stack Five, Renounce Religion,
Breathe Fire


You were on level 1 of the Abyss.
You worshipped Nemelex Xobeh.
Nemelex Xobeh was extremely pleased with you.
You were not hungry.
You were an animated tree.
You visited 1 branch of the dungeon, and saw 8 of its levels.
You visited the Abyss 1 time.

You collected 358 gold pieces.

Inventory:

Hand weapons
 b - a +2,+2 spear of venom
 m - a +1 blowgun
Missiles
 u - a throwing net (quivered)
Armour
 e - a +0 robe (melded)
 B - a +0 cloak
Magical devices
 c - a wand of enslavement (13)
 k - a wand of confusion (7)
 q - a wand of fireball (0)
 y - a wand of digging (7)
Comestibles
 v - 7 bread rations
 A - a choko
Scrolls
 d - 5 scrolls of teleportation {!r}
 l - 2 scrolls of identify {!r}
 x - 3 scrolls of recharging {!r}
Jewellery
 a - an uncursed ring of protection from cold {unknown}
 g - a +3 ring of dexterity (right branch)
 n - a +1 ring of intelligence {unknown}
 s - an uncursed ring of protection from fire {unknown}
 w - a ring of protection from magic (left branch) {unknown}
 C - an uncursed ring of protection from cold {unknown}
Potions
 h - 4 potions of curing {!q}
 j - a potion of haste {!q}
 o - a potion of confusion {!q}
 r - a potion of cure mutation {!q}
 t - a potion of restore abilities {!q}
 z - 4 potions of heal wounds {!q}
Miscellaneous
 f - an ornate deck of summonings {drawn: 2} (in branch)
 p - an ornate deck of escape {drawn: 3}


   Skills:
 + Level 5.2 Fighting
   Level 2.1 Short Blades
 + Level 8.8 Dodging
 - Level 1.5 Stealth
 * Level 12.4 Evocations


You had 8 spell levels left.
You didn't know any spells.

Dungeon Overview and Level Annotations

Branches:
Dungeon (8/15)             Temple (0/1) D:6
   Lair: D:8-11

Altars:
Cheibriados
Makhleb
Nemelex Xobeh
Zin


Innate Abilities, Weirdness & Mutations

You are tiny and cannot use many weapons and most armour.
You have supernaturally acute eyesight.
You are a herbivore.
((You cover ground extremely quickly.))*
You need consume almost no food.
You can breathe flames.
((Armour fits poorly on your strangely shaped body.))*
[You are clumsy. (Dex -2)]
[Your body is slowly deteriorating.]


Message History

The thrashing horror tramples your runed hammer.
Your runed hammer holds its ground!
The thrashing horror tramples your runed hammer.
Your runed hammer holds its ground!
Your runed hammer is destroyed!
It'd take too long for a potion to reach your roots.
Read which item? (? for menu, Esc to quit)
Okay, then.
Really attack while wielding your ornate deck of escape {drawn: 2}? [Y]es or [N]o only, please.
Really attack while wielding your ornate deck of escape {drawn: 2}?
Wield which item (- for none, * to show all)? (? for menu, Esc to quit)
It begins to drip with poison!
b - a +2,+2 spear of venom (weapon)
The raiju bursts into living lightning!
Helpless, you fail to dodge the living lightning. x2
* * * LOW HITPOINT WARNING * * *
The living lightning misses the raiju.
The raiju blinks!
It'd take too long for a potion to reach your roots.
Read which item? (? for menu, Esc to quit)
You don't have any such object.
Read which item? (? for menu, Esc to quit)
Okay, then.
Read which item? (? for menu, Esc to quit)
Really read
d - 6 scrolls labeled ZAPLAJEGHO {!r}?
As you read the scroll labeled ZAPLAJEGHO {!r}, it crumbles to dust.
You feel a strange sense of stasis.
It was a scroll of teleportation {!r}.
The thrashing horror tramples you but does no damage. x2
It'd take too long for a potion to reach your roots.
Unknown command.
It'd take too long for a potion to reach your roots.
You hit the thrashing horror.
The thrashing horror is moderately damaged.
The thrashing horror tramples you but does no damage. x2
Use which ability? (? or * to list)
Okay, then.
Wield which item (- for none, * to show all)? (? for menu, Esc to quit)
Your +2,+2 spear of venom stops dripping with poison.
p - an ornate deck of escape {drawn: 2} (in branch)
The thrashing horror roars!
The thrashing horror tramples you but does no damage. x2
You draw a card...
It is Solitude.
The wretched star blinks!
The thrashing horror disappears!
Nemelex Xobeh grants you a gift! Something appears at your feet!
The raiju bites you but does no damage.
f - an ornate deck of cards {god gift} The wretched star pulses with an eldritch light!
You feel yourself wasting away.
You feel clumsy.
The raiju bursts into living lightning!
The living lightning hits you!
* * * LOW HITPOINT WARNING * * *
Helpless, you fail to dodge the living lightning.
* * * LOW HITPOINT WARNING * * *
The living lightning hits the raiju.
The raiju completely resists.
The raiju blinks!
Wield which item (- for none, * to show all)? (? for menu, Esc to quit)
f - an ornate deck of cards (in branch) {god gift} You draw a card...
It is the Pentagram.
This is an ornate deck of summonings {drawn: 1}.
You draw a card...
It is Repulsiveness.
The wretched star glows turbulently.
The orb of energy hits you!
You die...
Your body glows slightly and disappears.

## # #..## #.#.# #.
# #..#####..#.
.#..##
#.§♣§..##......#
#Z#*5u....#.. .#
......##.#h.#.##..#.
..## #.##.##.....#.
##..#..... .# #....#
. . #..... .#..## #.
#...# #
###.###.##...


You could see a wretched star, a white very ugly thing, a raiju, an ettin
skeleton and a friendly ufetubus (wandering).

Vanquished Creatures
  A centaur (D:7)
  A deep elf fighter (D:7)
  A yellow wasp (D:4)
  2 ogres
  3 giant frogs
  A brain worm (Abyss:1)
  3 scorpions
  2 crimson imps
  A giant frog zombie (D:4)
  4 orc priests
  A giant frog skeleton (D:5)
  3 orc wizards
  6 worker ants
  5 adders
  A shadow imp (D:5)
  4 worms
  An adder zombie (D:6)
  4 giant eyeballs
  4 giant geckos
  3 oozes
  19 orcs
  A bat zombie (D:6)
  6 gnolls
  15 goblins
  10 hobgoblins
  15 jackals
  7 quokkas
  7 ball pythons
  5 bats
  6 giant cockroaches
  A giant gecko skeleton (D:5)
  4 giant newts
  A goblin skeleton (D:4)
  14 kobolds
  A kobold skeleton (D:4)
  12 rats
175 creatures vanquished.

Vanquished Creatures (collateral kills)
  A thrashing horror (Abyss:1)
  Grinder (D:6)
  An ugly thing (D:3)
  A vampire mosquito (D:3)
  An orc warrior (D:6)
  A sky beast (D:3)
  An ogre (D:7)
  A jelly (D:6)
  2 orc priests
  An orc wizard (D:4)
  An adder (D:2)
  2 gnolls
  5 orcs
  A hobgoblin (D:2)
  A kobold (D:3)
  A quokka (D:7)
  A giant newt (D:3)
  2 goblins (D:3)
  2 orc skeletons
  A rat (D:3)
28 creatures vanquished.

Vanquished Creatures (others)
  A dancing weapon (Abyss:1)
  A giant firefly (D:3)
  A hippogriff (D:6)
  An orc (D:3)
4 creatures vanquished.

Grand Total: 207 creatures vanquished

Notes
Turn   | Place    | Note
--------------------------------------------------------------
     0 | D:1      | Amnesiac, the Spriggan Artificer, began the quest for the Orb.
     0 | D:1      | Reached XP level 1. HP: 9/9 MP: 2/2
   214 | D:2      | You fall through a shaft!
   241 | D:4      | Noticed a scorpion
   262 | D:4      | Killed a scorpion
   262 | D:4      | Reached skill level 1 in Fighting
   262 | D:4      | Reached skill level 5 in Evocations
   262 | D:4      | Reached XP level 2. HP: 12/14 MP: 5/5
   262 | D:4      | Reached XP level 3. HP: 15/18 MP: 8/8
   298 | D:4      | Found a burning altar of Makhleb.
   310 | D:4      | Noticed a worker ant
   313 | D:4      | Noticed a worker ant
   320 | D:5      | Entered Level 5 of the Dungeon
   371 | D:4      | Noticed an orc priest
   577 | D:4      | Noticed an orc priest
   579 | D:4      | Noticed an orc wizard
   583 | D:4      | Noticed a yellow wasp
   583 | D:4      | an orc priest changed into a yellow wasp
   584 | D:4      | Killed an orc wizard
   591 | D:4      | Killed a yellow wasp
   591 | D:4      | Reached skill level 6 in Evocations
   591 | D:4      | Reached XP level 4. HP: 23/23 MP: 10/12
   591 | D:4      | Reached XP level 5. HP: 26/26 MP: 12/15
   621 | D:4      | Killed a worker ant
   629 | D:4      | Killed an orc priest
   629 | D:4      | Reached skill level 5 in Dodging
   682 | D:4      | Reached skill level 7 in Evocations
   911 | D:4      | Killed a worker ant
   917 | D:4      | Noticed an orc priest
   917 | D:4      | Noticed an orc wizard
   925 | D:4      | Killed an orc wizard
  1020 | D:4      | Reached XP level 6. HP: 30/30 MP: 18/18
  1057 | D:2      | Found a snail-covered altar of Cheibriados.
  1223 | D:3      | Noticed a sky beast
  1776 | D:5      | Noticed a scorpion
  1779 | D:5      | Killed a scorpion
  1793 | D:5      | Found a sparkling altar of Nemelex Xobeh.
  1803 | D:5      | Noticed an ogre
  1808 | D:5      | Became a worshipper of Nemelex Xobeh the Trickster
  3712 | D:3      | Received a gift from Nemelex Xobeh
  3749 | D:3      | an orc priest (ally) was killed
  4249 | D:1      | Acquired Nemelex Xobeh's first power
  4472 | D:3      | Reached skill level 8 in Evocations
  4493 | D:3      | Noticed a vampire mosquito
  4500 | D:3      | Killed a sky beast
  4502 | D:3      | Killed a vampire mosquito
  4503 | D:3      | Gained mutation: Armour fits poorly on your strangely shaped body. [potion of mutation]
  4503 | D:3      | Gained mutation: You can breathe flames. [potion of mutation]
  4521 | D:3      | Paralysed by a potion of paralysis for 5 turns
  4592 | D:3      | Received a gift from Nemelex Xobeh
  4625 | D:3      | Noticed a cyan ugly thing
  4639 | D:3      | Killed a cyan ugly thing
  4644 | D:3      | Acquired Nemelex Xobeh's second power
  5517 | D:2      | Reached XP level 7. HP: 20/36 MP: 21/21
  7307 | D:4      | Acquired Nemelex Xobeh's third power
  7981 | D:4      | Received a gift from Nemelex Xobeh
  8187 | D:5      | Killed an ogre
  8187 | D:5      | Reached skill level 9 in Evocations
  8291 | D:5      | Acquired Nemelex Xobeh's fourth power
  8655 | D:6      | Paralysed by a giant eyeball for 4 turns
  8864 | D:6      | Found a staircase to the Ecumenical Temple.
  9002 | D:6      | Noticed Grinder
  9038 | D:6      | Killed Grinder
  9038 | D:6      | Reached skill level 10 in Evocations
  9038 | D:6      | Reached XP level 8. HP: 35/42 MP: 24/24
  9173 | D:6      | Acquired Nemelex Xobeh's fifth power
  9246 | D:6      | Found a glowing silver altar of Zin.
  9246 | D:6      | Noticed an angel
 10028 | D:7      | Reached skill level 11 in Evocations
 10061 | D:7      | Received a gift from Nemelex Xobeh
 10421 | D:8      | Paralysed by a giant eyeball for 2 turns
 10636 | D:8      | Received a gift from Nemelex Xobeh
 10662 | D:8      | Cast into the Abyss (drawing a card)
 10700 | Abyss:1  | Noticed a thrashing horror
 10721 | Abyss:1  | Killed a thrashing horror
 10721 | Abyss:1  | Reached skill level 5 in Fighting
 10721 | Abyss:1  | Reached skill level 12 in Evocations
 10721 | Abyss:1  | Reached XP level 9. HP: 44/47 MP: 27/27
 10768 | Abyss:1  | Noticed a worldbinder
 10772 | Abyss:1  | Noticed an orb spider
 10801 | Abyss:1  | Noticed a large abomination
 10847 | Abyss:1  | Noticed a thrashing horror
 10850 | Abyss:1  | Noticed a wretched star
 10869 | Abyss:1  | Received a gift from Nemelex Xobeh
 10873 | Abyss:1  | Noticed a white very ugly thing
 10873 | Abyss:1  | Killed from afar by a wretched star

Action                   |  1- 3 |  4- 6 |  7- 9 || total
-------------------------+-------+-------+-------++-------
Melee: Dagger            |    10 |   619 |       ||   629
       Short sword       |     8 |    11 |    95 ||   114
       Morningstar       |       |   104 |     2 ||   106
       Spear             |       |       |   300 ||   300
Invok: Draw One          |       |     5 |     5 ||    10
Evoke: Wand              |    13 |    34 |    12 ||    59
       Deck              |       |     3 |    36 ||    39
  Use: Scroll            |     2 |     7 |     1 ||    10
       Potion            |       |    12 |     3 ||    15
 Stab: Sleeping          |     2 |     6 |     8 ||    16
       Confused          |       |     1 |     3 ||     4
       Distracted        |       |       |     1 ||     1
